 Dungeon Crawl Stone Soup version 0.31.0-11-ge490571c62 (webtiles) character file.

Game seed: 10844445041677132997

296 qw the Skirmisher (level 6, -4/35 HPs)
             Began as a Deep Elf Hunter on Feb 4, 2024.
             Slain by a gnoll bouda
             ... wielding a +0 club
              (6 damage)
             ... on level 4 of the Dungeon.
             The game lasted 00:00:13 (3390 turns).

qw the Skirmisher (Deep Elf Hunter)                 Turns: 3390, Time: 00:00:13

Health: -4/35      AC: 10    Str: 16    XL:     6   Next: 12%
Magic:  8/8        EV: 12    Int: 14    God:
Gold:   156        SH:  0    Dex: 18    Spells: 5/5 levels left

rFire   . . .        a - +0 shortbow
rCold   . . .        (shield currently unavailable)
rNeg    . . .        f - +3 ring mail
rPois   .            m - +0 helmet
rElec   .            (no cloak)
rCorr   .            (no gloves)
SInv    .            k - +0 pair of boots
Will    .....        (no amulet)
Stlth   +            g - +6 ring of strength
HPRegen 0.25/turn    (no ring)
MPRegen 0.11/turn

%: no passive effects
@: weakened
A: no striking features
a: no special abilities


You were on level 4 of the Dungeon.
You visited 1 branch of the dungeon, and saw 4 of its levels.

You collected 156 gold pieces.


   Skills:
 - Level 2.1 Fighting
 + Level 9.0 Ranged Weapons
 - Level 1.0 Armour
 - Level 3.1 Dodging
 - Level 1.2 Stealth


You had 5 spell levels left.
You didn't know any spells.
Your spell library was empty.

Inventory:

Hand Weapons
 a - a +0 shortbow (weapon)
Armour
 f - a +3 ring mail (worn)
 k - a +0 pair of boots (worn)
 m - a +0 helmet (worn)
Jewellery
 b - an amulet of regeneration
 g - a +6 ring of strength (left hand)
Scrolls
 c - 2 scrolls of teleportation {unknown}
 n - a scroll of enchant armour {unknown}
 o - 3 scrolls of identify
Potions
 d - 2 potions of magic {unknown}
 e - 2 potions of curing
 h - a potion of brilliance {unknown}
 i - a potion of cancellation
 j - a potion of enlightenment
 l - a potion of mutation
 p - a potion of heal wounds {unknown}

Dungeon Overview and Level Annotations

Branches:
Dungeon (4/15)
 Temple: D:4-7

Altars:
Ashenzari
Ru
Trog
Uskayaw
Zin


Message History

You shoot an arrow.
The arrow hits the gnoll but does no damage.
The gnoll hits you but does no damage.
The gnoll bouda gazes fiercely through you!
You feel as though you will be weak longer.
The gnoll hits you from afar with a +0 spear!
You shoot an arrow.
The arrow hits the gnoll but does no damage.
The gnoll hits you from afar with a +0 spear. x2
You shoot an arrow. The arrow hits the gnoll bouda.
The gnoll bouda is lightly wounded.
The gnoll closely misses you.
The gnoll hits you from afar with a +0 spear.
The gnoll bouda gazes fiercely through you!
You feel as though you will be weak longer.
You shoot an arrow.
The arrow hits the gnoll bouda but does no damage.
The gnoll bouda is lightly wounded.
The gnoll hits you but does no damage. The gnoll closely misses you.
The gnoll bouda hits you with a +0 club.
The gnoll hits you but does no damage.
You shoot an arrow. The arrow hits the gnoll bouda.
The gnoll bouda is moderately wounded.
The gnoll hits you from afar with a +0 spear.
The gnoll misses you. The gnoll bouda completely misses you.
The gnoll hits you but does no damage.
You shoot an arrow. The arrow hits the gnoll bouda.
The gnoll bouda is heavily wounded.
The gnoll hits you but does no damage. The gnoll closely misses you.
The gnoll bouda hits you but does no damage.
The gnoll hits you but does no damage.
You shoot an arrow.
The arrow hits the gnoll bouda but does no damage.
The gnoll bouda is heavily wounded.
The gnoll barely misses you.
The gnoll hits you from afar with a +0 spear.
The gnoll bouda gazes fiercely through you!
You feel as though you will be weak longer.
The gnoll bouda hits you with a +0 club.
You die...

g.. ...#####.#. #.#
##...#... ## #..
#.###.... . ..#
#.#...... #.#.#
#.#.#.... #.#.#####
##...#..#
#.ggg...######.##..#
#g# #.#...[..##...
#.####@# #.#......###..
#......###.#......# #..
#######...[......####..
#.##.#.....###..#
#....##........##
#.#####..####..##
#.#####..####..#
###........#.....#
#.....####.#.##.##


You could see a gnoll bouda and 3 gnolls.

Vanquished Creatures
  3 hounds (D:4)
  A sleepcap (D:3)
  Robin (D:3)
  4 gnolls (D:4)
  4 adders
  A dart slug (D:3)
  A ribbon worm (D:2)
  2 orcs (D:3)
  7 ball pythons
  4 bats
  8 endoplasms
  A giant cockroach (D:1)
  16 goblins
  6 hobgoblins
  2 jackals (D:1)
  3 quokkas (D:1)
  11 frilled lizards
  8 kobolds
  3 rats
86 creatures vanquished.

Notes
Turn   | Place    | Note
-------+----------+-------------------------------------------
     0 | D:1      | qw the Deep Elf Hunter began the quest for the Orb.
     0 | D:1      | Reached XP level 1. HP: 12/12 MP: 3/3
     0 | D:1      | 0 ||| qw: Version: 0.3-a-160-g6735b56
     0 | D:1      | 0 ||| qw: Game counter: 4567
     0 | D:1      | 0 ||| qw: Melee chars always use a shield: true
     0 | D:1      | 0 ||| qw: God list: Okawaru
     0 | D:1      | 0 ||| qw: Allow faded altars: false
     0 | D:1      | 0 ||| qw: Do Orc after clearing Dungeon:15 true
     0 | D:1      | 0 ||| qw: Do second Lair branch before Depths: true
     0 | D:1      | 0 ||| qw: Lair rune preference: random
     0 | D:1      | 0 ||| qw: Goals: Normal
     0 | D:1      | 0 ||| PLANNING D:1-11
   141 | D:1      | Found a faded altar of an unknown god.
   174 | D:1      | Reached skill level 6 in Ranged Weapons
   174 | D:1      | Reached XP level 2. HP: 16/16 MP: 4/4
   545 | D:1      | Reached XP level 3. HP: 20/20 MP: 5/5
   658 | D:1      | 658 ||| UPGRADING to +0 ring mail.
   668 | D:1      | 668 ||| DROPPING +0 leather armour.
   669 | D:1      | 669 ||| UPGRADING to +0 pair of boots.
   674 | D:1      | 674 ||| UPGRADING to +6 ring of strength.
   675 | D:1      | 675 ||| READING scroll labelled OCVOEP VYEFF.
   676 | D:1      | 676 ||| READING scroll labelled IKUSTR SATTOQU.
   676 | D:1      | 676 ||| IDENTIFYING fizzy inky potion
   677 | D:1      | 677 ||| DROPPING scroll of butterflies.
   939 | D:2      | Found a bloodstained altar of Trog.
   975 | D:2      | Reached skill level 7 in Ranged Weapons
  1710 | D:2      | 1710 ||| UPGRADING to +3 ring mail.
  1720 | D:2      | 1720 ||| DROPPING +0 ring mail.
  1721 | D:2      | 1721 ||| DROPPING ring of wizardry.
  1722 | D:2      | 1722 ||| READING 2 scrolls of identify.
  1722 | D:2      | 1722 ||| IDENTIFYING amethyst potion
  1723 | D:2      | 1723 ||| READING scroll of identify.
  1723 | D:2      | 1723 ||| IDENTIFYING sedimented golden potion
  1724 | D:2      | 1724 ||| READING scroll labelled MYNAFUQ KUTHE.
  1749 | D:3      | 1749 ||| PLANNING SEWER
  1760 | D:3      | Found a glowing silver altar of Zin.
  1797 | D:3      | Found a broken altar of Ashenzari.
  1823 | D:3      | Reached XP level 4. HP: 25/25 MP: 6/6
  2021 | D:3      | 2021 ||| FLEEEEING.
  2022 | D:3      | 2022 ||| FLEEEEING.
  2148 | D:3      | Noticed Robin
  2160 | D:3      | Killed Robin
  2168 | D:3      | Reached skill level 8 in Ranged Weapons
  2350 | D:3      | 2350 ||| RIP SEWER
  2371 | D:3      | 2371 ||| PLANNING D:1-11
  2373 | D:3      | Reached XP level 5. HP: 29/29 MP: 7/7
  2373 | D:3      | Found a hide-covered altar of Uskayaw.
  2686 | D:3      | 2686 ||| UPGRADING to +0 helmet.
  2691 | D:3      | 2691 ||| READING 3 scrolls of identify.
  2691 | D:3      | 2691 ||| IDENTIFYING bubbling brown potion
  2692 | D:3      | 2692 ||| READING 2 scrolls of identify.
  2692 | D:3      | 2692 ||| IDENTIFYING fizzy silvery potion
  2693 | D:3      | 2693 ||| READING scroll of identify.
  2693 | D:3      | 2693 ||| IDENTIFYING viscous grey potion
  2694 | D:3      | 2694 ||| READING 2 scrolls labelled BORROSUUWE.
  2695 | D:3      | 2695 ||| READING scroll labelled DAUCHEONITT.
  2696 | D:3      | 2696 ||| DROPPING potion of lignification.
  2697 | D:3      | 2697 ||| DROPPING scroll of revelation.
  2698 | D:3      | 2698 ||| DROPPING potion of degeneration.
  2746 | D:4      | HP: 7/29 [gnoll/+0 whip (5)]
  2888 | D:4      | Reached skill level 9 in Ranged Weapons
  3015 | D:4      | Reached skill level 3 in Dodging
  3100 | D:4      | Found a sacrificial altar of Ru.
  3141 | D:4      | Reached XP level 6. HP: 35/35 MP: 8/8
  3380 | D:4      | 3380 ||| RETREEEEATING.
  3383 | D:4      | Reached skill level 1 in Armour
  3387 | D:4      | HP: 8/35 [gnoll bouda/+0 club (5)]
  3390 | D:4      | HP: 2/35 [gnoll/+0 spear[a gnoll bouda] (6)]
  3390 | D:4      | Slain by a gnoll bouda

Levels and vault maps discovered:
D:1:      dpeg_arrival_ternary, layout_loops_ring,
          chequers_ecumenical_altar_simple_redux
D:2:      layout_basic, basic_altar, amcnicky_mini_rare_corridor_liquid,
          hangedman_glass_garden, minmay_statues_item
D:3:      layout_loops_corners, ashenzari_altar_1, mainiacjoe_overflow_alcove_4,
          zin_academy, portal_sewer_entry_d, corexii_corridor_pit, uniq_robin
D:4:      layout_loops_cross, nicolae_overflow_crystal_walls

Skill      XL: |  1  2  3  4  5  6 |
---------------+-------------------+-----
Ranged Weapons | 6 7 8 9 |  9.0
Fighting       | 2 |  2.1
Dodging        | 3 |  3.1
Armour         | 1 |  1.0
Stealth        | |  1.2

Action                     |  1- 3 |  4- 6 || total
---------------------------+-------+-------++-------
   Fire: Shortbow          |   139 |   152 ||   291
    Use: Scroll            |     5 |     5 ||    10
 Armour: Leather armour    |     7 |       ||     7
         Ring mail         |    22 |    63 ||    85
  Dodge: Dodged            |    33 |    61 ||    94

Table legend:
 A = Non-vault XP
 B = Vault XP
 C = Vault XP percentage of total XP
 D = Non-vault monster count
 E = Vault monster count
 F = Vault count percentage of total count
                 A         B        C        D         E       F
            +---------+---------+-------+---------+---------+-------
      Total |     370 |      53 |  12.5 |      72 |      14 |  16.3
            +---------+---------+-------+---------+---------+-------
        D:1 |      48 |       0 |   0.0 |      29 |       0 |   0.0
        D:2 |      40 |       0 |   0.0 |      17 |       0 |   0.0
        D:3 |      74 |      53 |  41.7 |      13 |      14 |  51.9
        D:4 |     208 |       0 |   0.0 |      13 |       0 |   0.0
            +---------+---------+-------+---------+---------+-------
